 Dungeon Crawl Stone Soup version 0.30.1-11-g7821555f0a (webtiles) character file.

Game seed: 5962521293259768566

816 lonewolfV2 the Trooper (level 8, -3/67 HPs)
             Began as a Formicid Fighter on Nov 28, 2023.
             Slain by andronian's ghost (9 damage)
             ... on level 4 of the Dungeon.
             The game lasted 00:04:02 (2454 turns).

lonewolfV2 the Trooper (Formicid Fighter)           Turns: 2454, Time: 00:04:02

Health: -3/67      AC:  7    Str: 21    XL:     8   Next: 16%
Magic:  9/9        EV: 14    Int:  8    God:
Gold:   151        SH:  5    Dex: 15    Spells: 7/7 levels left

rFire   . . .        a - +0 war axe
rCold   . . .        c - +0 buckler
rNeg    + . .        b - +0 scale mail
rPois   .            (helmet unavailable)
rElec   .            (no cloak)
rCorr   .            (no gloves)
SInv    +            (no boots)
Will    .....        f - amulet of regeneration Stlth
                     j - +5 ring of evasion
HPRegen 1.11/turn    n - ring of positive energy
MPRegen 0.11/turn

%: no passive effects
@: no status effects
A: permanent stasis, dig shafts and tunnels, antennae 3, four strong arms
a: Dig, Shaft Self


You were on level 4 of the Dungeon.
You visited 1 branch of the dungeon, and saw 4 of its levels.

You collected 151 gold pieces.

Inventory:

Hand Weapons
 a - a +0 war axe (weapon)
Armour
 b - a +0 scale mail (worn)
 c - a +0 buckler (worn)
Jewellery
 e - an amulet of faith
 f - an amulet of regeneration (around neck)
 j - a +5 ring of evasion (left hand)
 n - a ring of positive energy (right hand)
 o - a ring of wizardry
Wands
 d - a wand of mindburst (11)
Scrolls
 l - a scroll of fear
Potions
 g - a potion of mutation
 h - 2 potions of resistance
 i - a potion of attraction {unknown}
 m - a potion of lignification


   Skills:
 - Level 7.2 Fighting
 + Level 2.3 Axes
 - Level 7.2 Armour
 - Level 4.0 Shields
 * Level 1.6 Invocations


You had 7 spell levels left.
You didn't know any spells.
Your spell library contained the following spells:

 Spells                   Type           Power      Damage    Failure   Level
 Fireball                 Conj/Fire      0%         3d3       100%        5
 Iskenderun's Battlesphe  Conj           0%         2d6       100%        5
 Conjure Ball Lightning   Conj/Air       0%         3x3d6     100%        6
 Orb of Destruction       Conj           0%         9d5       100%        7


Dungeon Overview and Level Annotations

Branches:
Dungeon (4/15)
 Temple: D:4-7

Altars:
Ashenzari
Elyvilon
Okawaru
Ru
Trog
Uskayaw
Vehumet
Wu Jian

Annotations:
D:4 andronian's ghost, amateur MfMo


Innate Abilities, Weirdness & Mutations

You cannot be hasted, slowed, berserked, paralysed or teleported.
You can dig through walls and to a lower floor.
You have a pair of large antennae on your head. (SInv)
Your four strong arms can wield two-handed weapons with a shield.


Message History

Andronian's ghost barely misses you.
You slash the orc warrior!
The orc warrior is severely wounded.
You miss andronian's ghost.
The orc warrior hits you but does no damage.
You block andronian's ghost's attack. Andronian's ghost closely misses you.
You block the orc warrior's attack.
You hit the orc warrior but do no damage.
The orc warrior is severely wounded.
You hit andronian's ghost.
The orc warrior hits you with a +0 flail.
Andronian's ghost barely misses you.
You hit the orc warrior.
The orc warrior is almost dead.
You slash andronian's ghost! The orc warrior completely misses you.
Andronian's ghost hits you but does no damage.
You hit the orc warrior but do no damage.
The orc warrior is almost dead.
You barely miss andronian's ghost.
The orc warrior hits you with a +0 flail.
Andronian's ghost barely misses you. You block the orc warrior's attack.
Andronian's ghost closely misses you.
You barely miss the orc warrior.
The orc warrior is almost dead.
You closely miss andronian's ghost. The orc warrior completely misses you.
Andronian's ghost hits you.
You closely miss the orc warrior.
The orc warrior is almost dead.
You closely miss andronian's ghost.
The orc warrior hits you but does no damage.
Andronian's ghost hits you.
The orc warrior hits you with a +0 flail!
* * * LOW HITPOINT WARNING * * *
Andronian's ghost shrieks, "You must not succeed where I failed!"
Andronian's ghost hits you.
* * * LOW HITPOINT WARNING * * *
You slash the orc warrior!
You kill the orc warrior!
You miss andronian's ghost. Andronian's ghost hits you!
You die...

#..................#
##..................# ###
#...................#
###..##...................#
##.......#.................#
##.......###...............##
#.......####...............##
....................<....#..#
............@†.........###..#
.........###)W'###...## ##.##
.........#.(.....#..#####..#
.........#.......#........##
.........#.......#........##
.........#.......#.........#
.........#.......#.........##
.........#...($..#..........#
.........#.......#..........#


You could see andronian's ghost.

Vanquished Creatures
  Pikel (D:4)
  An orc warrior (D:4)
  An ogre (D:3)
  3 lemures (D:4)
  3 iguanas (D:4)
  Ijyb (D:4)
  Robin (D:2)
  A gnoll (D:3)
  7 adders
  A dart slug (D:1)
  An orc (D:4)
  4 ball pythons
  2 bats (D:1)
  9 endoplasms
  2 giant cockroaches (D:1)
  14 goblins
  8 hobgoblins
  A jackal (D:3)
  5 kobolds
  3 quokkas
  A frilled lizard (D:3)
  4 rats
74 creatures vanquished.

Notes
Turn   | Place    | Note
-------+----------+-------------------------------------------
     0 | D:1      | lonewolfV2 the Formicid Fighter began the quest for the
                  | Orb.
     0 | D:1      | Reached XP level 1. HP: 18/18 MP: 1/1
   140 | D:1      | Reached XP level 2. HP: 22/24 MP: 2/2
   319 | D:1      | Reached XP level 3. HP: 30/30 MP: 3/3
   741 | D:2      | Reached XP level 4. HP: 36/37 MP: 4/4
  1108 | D:2      | Noticed Robin
  1117 | D:2      | Killed Robin
  1366 | D:3      | Reached XP level 5. HP: 39/43 MP: 5/5
  1515 | D:3      | Found a radiant altar of Vehumet.
  1531 | D:3      | Found a bloodstained altar of Trog.
  1532 | D:3      | Found a hide-covered altar of Uskayaw.
  1535 | D:3      | Found an iron altar of Okawaru.
  1535 | D:3      | Found a broken altar of Ashenzari.
  1537 | D:3      | Found an ornate altar of the Wu Jian Council.
  1537 | D:3      | Found a sacrificial altar of Ru.
  1538 | D:3      | Found a white marble altar of Elyvilon.
  1597 | D:3      | Noticed an ogre
  1604 | D:3      | Killed an ogre
  1605 | D:3      | Reached skill level 5 in Fighting
  1605 | D:3      | Reached skill level 5 in Armour
  1605 | D:3      | Reached XP level 6. HP: 51/51 MP: 6/6
  1923 | D:4      | Noticed Pikel
  1948 | D:4      | HP: 1/51 [Pikel/+1 whip of flaming (2)]
  1949 | D:4      | Killed Pikel
  1950 | D:4      | Reached XP level 7. HP: 3/60 MP: 7/7
  2111 | D:4      | Noticed Ijyb
  2124 | D:4      | Killed Ijyb
  2125 | D:4      | Reached XP level 8. HP: 59/67 MP: 8/8
  2359 | D:4      | Reached skill level 1 in Invocations
  2390 | D:4      | Noticed andronian's ghost (amateur MfMo)
  2398 | D:4      | Found a runed translucent gate.
  2398 | D:4      | Found a runed translucent gate.
  2398 | D:4      | Found a runed translucent gate.
  2454 | D:4      | Slain by andronian's ghost

Illustrated notes

Levels and vault maps discovered:
D:1:      psy_arrival_radial02, layout_rooms, nrook_mini_backslash
D:2:      layout_loops_ring, uniq_robin
D:3:      layout_loops_ring, grunt_temple_overflow_open,
          mainiacjoe_overflow_boulevard, minivault_27,
          minmay_randomly_rotated_circles
D:4:      minmay_thinvault, layout_cave_pods, minmay_temple_entry_stoned_glass,
          gammafunk_ghost_split, minmay_shop_damaged, uniq_ijyb, uniq_pikel,
          uniq_crazy_yiuf_cottage

Skill      XL: |  1  2  3  4  5  6  7  8 |
---------------+-------------------------+-----
Fighting       | 4 5 7 |  7.2
Armour         | 4 5 7 |  7.2
Invocations    | 1 |  1.6
Axes           | |  2.3
Shields        | |  4.0

Action                     |  1- 3 |  4- 6 |  7- 9 || total
---------------------------+-------+-------+-------++-------
  Melee: War axe           |    66 |    92 |    64 ||   222
    Use: Scroll            |     4 |     9 |       ||    13
         Potion            |       |     3 |       ||     3
 Armour: Scale mail        |    35 |    49 |    16 ||   100
  Dodge: Dodged            |    47 |   107 |    56 ||   210
  Block: Buckler           |    26 |    45 |    22 ||    93
